 Dungeon Sprint DCSS version 0.17.0-24-gcfadda4 (webtiles) character file.

1203 Kidiri the Covert (level 8, -13/42 HPs)
             Began as a Spriggan Enchanter on Nov 17, 2015.
             Was an Initiate of Dithmenos.
             Mangled by a deep troll (14 damage)
             ... in the Dungeon (Sprint I: "Red Sonja").
             The game lasted 00:03:08 (539 turns).

Kidiri the Covert (Spriggan Enchanter)               Turns: 539, Time: 00:03:08

Health: -13/42     AC:  3    Str:  4    XL:     8   Next: 21%
Magic:  20/22      EV: 27    Int: 19    God:    Dithmenos [......]
Gold:   161        SH:  0    Dex: 18    Spells: 5 memorised, 13 levels left

rFire  . . .     SeeInvis +     a - +1 dagger
rCold  . . .     Clarity  .     b - +1 robe
rNeg   . . .     SustAt   .     (shield restricted)
rPois  .         Gourm    .     (helmet restricted)
rElec  .         Spirit   .     (no cloak)
rCorr  .         Warding  .     (gloves unavailable)
rMut   .         NoTele   +     (boots unavailable)
MR     +....                    (no amulet)
Stlth  ++++++....               k - +2 ring of intelligence
                                i - ring of wizardry

@: very quick, somewhat resistant to hostile enchantments, very stealthy
A: unfitting armour, see invisible, herbivore 3, speed 3, slow metabolism 2
a: Renounce Religion


You were in the Dungeon.
You worshipped Dithmenos.
Dithmenos was noncommittal.
You were not hungry.

You visited 1 branch You collected 536 gold pieces.
You spent 375 gold pieces at shops.

Inventory:

Hand Weapons
 a - a +1 dagger (weapon)
Armour
 b - a +1 robe (worn)
Jewellery
 i - a ring of wizardry (left hand)
 k - a +2 ring of intelligence (right hand)
Wands
 e - a wand of enslavement (3)
Scrolls
 j - a scroll of blinking
Potions
 f - 3 potions of heal wounds
 g - a potion of haste
 h - 2 potions of magic
Books
 c - a book of Maledictions

   Spells                             Type                      Level
   a - Corona                         Hexes                        1
   b - Ensorcelled Hibernation        Hexes/Ice                    2
   c - Confuse                        Hexes                        3
   d - Tukima's Dance                 Hexes                        3
   e - Dazzling Spray                 Conjuration/Hexes            3
Comestibles
 d - a bread ration


   Skills:
 + Level 4.0 Fighting
 * Level 8.0 Short Blades
 + Level 3.7 Armour
 * Level 10.6 Dodging
 * Level 11.8 Stealth
 * Level 9.3 Spellcasting
 + Level 3.0 Conjurations
 + Level 7.0 Hexes
 + Level 3.7 Ice Magic
 + Level 0.0 Invocations


You had 13 spell levels left.
You knew the following spells:

 Your Spells              Type           Power        Failure   Level  Hunger
a - Corona                Hex            #####..      1%          1    None
b - Ensorcelled Hibernat  Hex/Ice        ####..       1%          2    None
c - Confuse               Hex            #####...     1%          3    None
d - Tukima's Dance        Hex            #####...     1%          3    None
e - Dazzling Spray        Conj/Hex       ####....     1%          3    None


Dungeon Overview and Level Annotations

Branches:
Dungeon (1/1)

Altars:
Cheibriados
Dithmenos
Elyvilon
Fedhas
Gozag
Kikubaaqudgha
Makhleb
Nemelex Xobeh
Okawaru
Qazlal
Ru
Sif Muna
Trog
Vehumet
Xom
Yredelemnul
Zin
The Shining One
Jiyva

Shops:
D (=


Innate Abilities, Weirdness & Mutations

You are tiny and cannot use many weapons and most armour.
You have supernaturally acute eyesight.
You are a herbivore.
You cover ground extremely quickly.
You need consume almost no food.


Message History

The deep troll misses you. x2
You closely miss the deep troll.
Unknown command.
You see here 27 gold pieces.
There is an open door here.
Casting: Ensorcelled Hibernation
Confirm with . or Enter, or press ? or * to list all spells.
Aiming: Ensorcelled Hibernation
Press: ? - help, Shift-Dir - straight line, f - deep troll
Aim: a deep troll (chance to defeat MR: 40%)
The deep troll looks drowsy...
The deep troll completely misses you. The deep troll misses you.
The deep troll claws you!
* * * LOW HITPOINT WARNING * * *
You see here 27 gold pieces.
You hit the deep troll.
The deep troll is lightly wounded.
The deep troll misses you. The deep troll barely misses you.
The deep troll claws you!
You die...

#..#####+#####'#__####
#..####..#...#.####
#.)#__####..##[#
#..#_..__##+#).+
#⌠⌠#_.∩...+..._#
####_..._##_.#+#
#_____###'#.#
############.####+###
#∩........'...'@T.$$+
###++++####...#######
##.## #+#


You could see a deep troll.

Vanquished Creatures
  Sonja (D)
  A slime creature (D)
  Sigmund (D)
  A yak (D)
  An ogre (D)
  A jelly (D)
  Ijyb (D)
7 creatures vanquished.

Notes
Turn   | Place    | Note
--------------------------------------------------------------
     0 | D        | Kidiri the Spriggan Enchanter began the quest for the Orb.
     0 | D        | Reached XP level 1. HP: 9/9 MP: 5/5
     2 | D        | Noticed Ijyb
    36 | D        | Killed Ijyb
    36 | D        | Reached skill level 1 in Fighting
    36 | D        | Reached skill level 1 in Armour
    36 | D        | Reached skill level 5 in Stealth
    36 | D        | Reached XP level 2. HP: 11/14 MP: 2/8
   179 | D        | Learned a level 2 spell: Ensorcelled Hibernation
   188 | D        | Noticed an ogre
   190 | D        | Killed an ogre
   190 | D        | Reached skill level 6 in Dodging
   190 | D        | Reached skill level 7 in Stealth
   190 | D        | Reached skill level 5 in Spellcasting
   190 | D        | Reached skill level 1 in Ice Magic
   190 | D        | Reached XP level 3. HP: 16/18 MP: 8/10
   190 | D        | Reached XP level 4. HP: 20/23 MP: 9/12
   195 | D        | Learned a level 3 spell: Confuse
   199 | D        | Learned a level 3 spell: Dazzling Spray
   203 | D        | Learned a level 3 spell: Tukima's Dance
   232 | D        | Noticed Sigmund
   252 | D        | Killed Sigmund
   252 | D        | Reached skill level 5 in Short Blades
   252 | D        | Reached skill level 8 in Stealth
   252 | D        | Reached skill level 1 in Conjurations
   252 | D        | Reached skill level 5 in Hexes
   252 | D        | Reached XP level 5. HP: 27/27 MP: 11/15
   287 | D        | Found a snail-covered altar of Cheibriados.
   287 | D        | Found a shadowy altar of Dithmenos.
   287 | D        | Noticed a slime creature
   288 | D        | Found a viscous altar of Jiyva.
   288 | D        | Found a blossoming altar of Fedhas.
   295 | D        | Killed a slime creature
   295 | D        | Reached skill level 10 in Stealth
   295 | D        | Reached XP level 6. HP: 30/32 MP: 9/17
   373 | D        | Found a deep blue altar of Sif Muna.
   374 | D        | Noticed a jelly
   375 | D        | Found a radiant altar of Vehumet.
   379 | D        | Killed a jelly
   417 | D        | Found Fazareb's Jewellery Emporium.
   417 | D        | Found a white marble altar of Elyvilon.
   417 | D        | Found a stormy altar of Qazlal.
   417 | D        | Found a burning altar of Makhleb.
   417 | D        | Found a sacrificial altar of Ru.
   417 | D        | Found a basalt altar of Yredelemnul.
   417 | D        | Found a glowing golden altar of the Shining One.
   417 | D        | Found a sparkling altar of Nemelex Xobeh.
   417 | D        | Found a shimmering altar of Xom.
   417 | D        | Found an opulent altar of Gozag.
   417 | D        | Found an ancient bone altar of Kikubaaqudgha.
   417 | D        | Found a glowing silver altar of Zin.
   417 | D        | Noticed a yak
   418 | D        | Found an iron altar of Okawaru.
   419 | D        | Killed a yak
   419 | D        | Reached XP level 7. HP: 36/36 MP: 17/19
   420 | D        | Found a bloodstained altar of Trog.
   424 | D        | Bought an uncursed ring of wizardry for 300 gold pieces
   424 | D        | Bought a +2 ring of intelligence for 75 gold pieces
   438 | D        | Noticed Sonja
   446 | D        | Killed Sonja
   446 | D        | Reached skill level 10 in Dodging
   446 | D        | Reached skill level 11 in Stealth
   446 | D        | Reached XP level 8. HP: 40/42 MP: 18/22
   470 | D        | Became a worshipper of Dithmenos the Shadowed
   509 | D        | Found Joum's Weapon Boutique.
   529 | D        | Noticed a deep troll
   538 | D        | HP: 1/42 [deep troll (12)]
   539 | D        | Mangled by a deep troll

Action                   |  1- 3 |  4- 6 |  7- 9 || total
-------------------------+-------+-------+-------++-------
Melee: Dagger            |    24 |     4 |     5 ||    33
 Cast: Corona            |     4 |       |       ||     4
       Ensorcelled Hiber |       |     1 |     2 ||     3
       Dazzling Spray    |       |     2 |       ||     2
  Use: Potion            |     2 |       |       ||     2
 Stab: Sleeping          |     1 |     4 |     1 ||     6
